 Dungeon Crawl Stone Soup version 0.23.0-3-gf3c87f2df8 (webtiles) character file.

Game seed: 10735736886690405672

357 Flugkiller the Chopper (level 6, -4/56 HPs)
             Began as a Minotaur Fighter on Feb 21, 2019.
             Slain by Sigmund
             ... wielding a +0 scythe
              (9 damage)
             ... on level 4 of the Dungeon.
             The game lasted 00:01:20 (2323 turns).

Flugkiller the Chopper (Minotaur Fighter)           Turns: 2323, Time: 00:01:20

Health: -4/56      AC:  7    Str: 23    XL:     6   Next: 37%
Magic:  5/5        EV:  7    Int:  5    God:
Gold:   155        SH: 10    Dex:  9    Spells: 5/5 levels left

rFire    . . .     SeeInvis .   a - +0 war axe
rCold    . . .     Gourm    .   c - +0 shield
rNeg     . . .     Faith    .   b - +0 scale mail
rPois    .         Spirit   .   (helmet restricted)
rElec    .         Reflect  .   (no cloak)
rCorr    .         Harm     .   (no gloves)
MR       .....                  (no boots)
Stlth    ..........             (no amulet)
HPRegen  0.18/turn              (no ring)
MPRegen  0.09/turn              (no ring)

@: no status effects
A: retaliatory headbutt, horns 2
a: no special abilities


You were on level 4 of the Dungeon.
You were not hungry.

You visited 1 branch of the dungeon, and saw 4 of its levels.

You collected 155 gold pieces.

Inventory:

Hand Weapons
 a - a +0 war axe (weapon)
Armour
 b - a +0 scale mail (worn)
 c - a +0 shield (worn)
Jewellery
 n - a cursed amulet of inaccuracy {unknown}
Scrolls
 e - 4 scrolls of identify {unknown}
 j - a scroll of teleportation {unknown}
 k - a scroll of enchant armour {unknown}
 m - a scroll of immolation {unknown}
 o - a scroll of remove curse {unknown}
Potions
 d - 2 potions of might {@q4}
 g - a potion of degeneration {unknown}
 h - 2 potions of curing {unknown}
 i - a potion of flight {unknown}
 l - a potion of agility {unknown}
Comestibles
 f - 4 rations {@e1}


   Skills:
 + Level 5.0 Fighting
 * Level 5.5 Axes
 + Level 5.0 Armour
 + Level 5.0 Shields


You had 5 spell levels left.
You didn't know any spells.
Your spell library was empty.

Dungeon Overview and Level Annotations

Branches:
Dungeon (4/15)
 Temple: D:4-7

Altars:
Ru
Trog

Annotations:
D:4 Sigmund


Innate Abilities, Weirdness & Mutations

You reflexively headbutt those who attack you in melee.
You have a pair of horns on your head.


Message History

You barely miss something. Your headbutt misses something.
You hear some strange, mumbled words.
A puff of flame appears from out of thin air!
The puff of flame hits you!
* * * LOW HITPOINT WARNING * * *
Something hits you!
* * * LOW HITPOINT WARNING * * *
Unknown command.
You hit something. Your headbutt misses something.
Something hits you but does no damage.
Unknown command.
You barely miss something.
Unknown command.
Your shield and scale mail prevent you from hitting something.
You headbutt something.
You hear some strange, mumbled words.
A magic dart appears from out of thin air!
The magic dart hits you but does no damage.
Something hits you!
You die...

##....##......
#.............
##[##..........
##.####...#.....
##.## ##..#.....
##.## ####.....
##.## #.....
#..## ###...
#.@.# ..#
#.{....#
#....####
#.###.# ## ###


There were no monsters in sight!

Vanquished Creatures
  A scorpion (D:4)
  A bullfrog skeleton (D:3)
  An orc priest (D:4)
  2 orc wizards (D:4)
  Ijyb (D:4)
  A worker ant (D:4)
  Terence (D:2)
  4 gnolls (D:4)
  2 adders
  A worm (D:4)
  A dart slug (D:2)
  A leopard gecko (D:4)
  10 orcs
  2 ball pythons
  A giant cockroach (D:4)
  6 goblins
  3 hobgoblins
  9 jackals
  A quokka (D:3)
  8 bats
  A frilled lizard (D:3)
  A kobold (D:3)
  A rat (D:1)
60 creatures vanquished.

Notes
Turn   | Place    | Note
-------+----------+-------------------------------------------
     0 | D:1      | Flugkiller the Minotaur Fighter began the quest for the
                  | Orb.
     0 | D:1      | Reached XP level 1. HP: 19/19 MP: 0/0
   168 | D:1      | Reached XP level 2. HP: 27/27 MP: 1/1
   333 | D:2      | Noticed Terence
   339 | D:2      | Killed Terence
   339 | D:2      | Reached XP level 3. HP: 22/33 MP: 2/2
   899 | D:3      | Reached XP level 4. HP: 29/40 MP: 3/3
  1259 | D:4      | Reached XP level 5. HP: 41/47 MP: 4/4
  1543 | D:4      | Reached skill level 5 in Axes
  1711 | D:4      | Found a bloodstained altar of Trog.
  1711 | D:4      | Found a sacrificial altar of Ru.
  1736 | D:4      | Noticed Ijyb
  1745 | D:4      | Killed Ijyb
  1787 | D:4      | Reached XP level 6. HP: 51/55 MP: 5/5
  2152 | D:4      | Reached skill level 5 in Armour
  2152 | D:4      | Reached skill level 5 in Shields
  2155 | D:4      | Reached skill level 5 in Fighting
  2300 | D:4      | Noticed Sigmund
  2323 | D:4      | Slain by Sigmund

Skill      XL: |  1  2  3  4  5  6 |
---------------+-------------------+-----
Axes           | 3 4 5 |  5.5
Fighting       | 4 5 |  5.0
Armour         | 4 5 |  5.0
Shields        | 4 5 |  5.0

Action                   |  1- 3 |  4- 6 || total
-------------------------+-------+-------++-------
Melee: War axe           |    87 |   106 ||   193
       Headbutt          |    13 |    15 ||    28
  Eat: Chunk             |       |     5 ||     5
Armor: Scale mail        |    47 |    43 ||    90
Dodge: Dodged            |    29 |    37 ||    66
Block: Shield            |    50 |    70 ||   120
